Map: Jagannatha LE

Players

A.I. 1 (Very Easy)

  • Race: Terran Terran

llllllllllll - Winner!

  • Race: Zerg Zerg
  • League: Master

VOD

Have the link to the VOD?

Description

Time

  • Played on: June 19, 2021, 11:51 a.m.
  • Length: 11:51
Show
View Real Time Build Order
Export as new Build Order

A.I. 1 (Very Easy) Terran 

Build Orders: Reaper Expand 

Get SALT Encoding   

  12  0:00  SCV  
  13  0:13  SCV  
  14  0:18  Supply Depot  
  14  0:41  Barracks  
  14  1:04  Command Center  
  14  1:29  Marine, Orbital Command  
  15  1:33  Supply Depot  
  15  1:39  Refinery  
  15  1:50  Refinery  
  15  1:54  SCV  
  16  2:06  SCV  
  17  2:18  Reaper, SCV  
  17  2:20  SCV  
  20  2:30  SCV  
  20  2:34  SCV  
  22  2:41  Refinery  
  22  2:42  SCV  
  23  2:48  SCV  
  24  2:56  SCV  
  25  3:03  SCV  
  26  3:09  Marine  
  26  3:10  SCV  
  28  3:17  SCV  
  28  3:18  Factory  
  29  3:42  Refinery  
  29  3:44  SCV  
  30  3:52  SCV  
  30  3:54  Supply Depot  
  31  3:59  Marine, SCV  
  33  4:05  Starport  
  33  4:06  SCV  
  34  4:13  SCV  
  35  4:18  Barracks Tech Lab  
  35  4:20  SCV  
  36  4:27  SCV  
  37  4:31  Supply Depot  
  37  4:35  SCV  
  38  4:42  Starport Tech Lab, SCV  
  39  4:49  SCV  
  39  4:51  Marauder  
  42  4:56  SCV  
  43  5:03  Raven, SCV  
  46  5:11  SCV  
  47  5:18  SCV  
  48  5:41  Marine  
  49  5:46  Raven  
  51  6:32  Marine  
  44  7:23  Marauder  
  46  8:03  SCV  
  46  8:13  Marine  
  47  8:28  SCV  
  47  9:04  Marine  
  48  9:55  Marine  
  48  9:57  SCV  
  38  10:00  Supply Depot  
  24  10:11  SCV  
  22  10:17  Supply Depot  
Show
View Real Time Build Order
Export as new Build Order

llllllllllll Zerg - Winner!

Build Orders: Hatch First 

Get SALT Encoding   

  12  0:00  Drone  
  13  0:12  Overlord  
  13  0:17  Drone  
  14  0:30  Drone x2  
  16  0:48  Hatchery  
  15  0:51  Drone  
  15  0:54  Drone  
  17  0:58  Drone  
  18  1:08  Extractor  
  17  1:13  Spawning Pool  
  17  1:16  Drone  
  17  1:19  Drone  
  18  1:27  Drone  
  19  1:39  Drone  
  20  1:49  Overlord  
  20  2:00  Queen x2  
  24  2:01  Zergling x4  
  26  2:11  Drone x2  
  26  2:15  Metabolic Boost  
  28  2:30  Hatchery  
  28  2:32  Drone  
  28  2:35  Drone  
  29  2:43  Queen  
  31  2:45  Drone  
  31  2:50  Overlord  
  32  2:54  Drone x2  
  32  2:57  Drone  
  35  3:01  Drone  
  36  3:09  Overlord  
  36  3:10  Drone  
  36  3:11  Drone  
  36  3:12  Drone  
  39  3:18  Queen  
  41  3:20  Drone  
  42  3:27  Drone  
  42  3:30  Overlord  
  42  3:32  Drone  
  44  3:37  Drone x2  
  46  3:41  Queen  
  46  3:43  Drone x3  
  46  3:48  Drone  
  52  3:52  Overlord  
  52  3:56  Drone  
  52  3:57  Queen  
  52  4:00  Extractor  
  52  4:01  Evolution Chamber  
  53  4:04  Evolution Chamber  
  53  4:07  Drone x2  
  53  4:08  Drone  
  55  4:11  Drone  
  55  4:13  Spore Crawler  
  55  4:15  Zergling x8  
  59  4:17  Zergling x2  
  59  4:19  Zergling x2  
  59  4:23  Queen  
  63  4:29  Zerg Ground Armor Level 1  
  63  4:33  Zerg Melee Weapons Level 1  
  63  4:37  Drone  
  64  4:38  Baneling Nest  
  64  4:39  Drone x2  
  64  4:40  Drone  
  64  4:44  Overlord  
  66  4:46  Drone  
  66  4:48  Drone x2  
  66  4:51  Drone  
  66  4:52  Drone x2  
  72  4:54  Drone  
  72  4:58  Lair  
  73  5:01  Overlord  
  73  5:03  Drone  
  73  5:04  Drone  
  76  5:07  Drone x2  
  76  5:09  Drone  
  76  5:10  Drone  
  76  5:13  Drone x3  
  82  5:27  Hatchery  
  81  5:31  Drone  
  81  5:33  Hatchery  
  81  5:37  Extractor, Drone x3  
  81  5:38  Extractor  
  81  5:39  Drone  
  81  5:41  Drone  
  81  5:42  Drone x2  
  86  5:43  Extractor  
  86  5:44  Drone  
  86  5:45  Drone x2  
  86  5:46  Extractor  
  86  5:47  Drone  
  88  5:50  Overlord  
  88  6:00  Centrifical Hooks  
  88  6:03  Drone x2  
  90  6:04  Hydralisk Den  
  90  6:07  Overlord  
  90  6:09  Zergling x18  
  90  6:10  Overlord x2  
  98  6:12  Overlord  
  98  6:17  Overlord  
  98  6:25  Zerg Ground Armor Level 2  
  98  6:27  Zerg Melee Weapons Level 2  
  98  6:29  Overlord  
  98  6:32  Zergling x14  
  105  6:33  Zergling x2  
  105  6:36  Grooved Spines  
  106  6:40  Overlord  
  106  6:41  Baneling  
  106  6:42  Baneling x8  
  106  6:43  Baneling  
  106  6:46  Overlord  
  106  6:47  Zergling x4  
  106  6:50  Drone x3  
  106  6:51  Drone  
  112  6:56  Drone x4  
  112  6:58  Drone x2  
  117  7:04  Drone x6  
  123  7:11  Drone x5  
  123  7:12  Drone x2  
  128  7:26  Infestation Pit, Hydralisk x2, Extractor x2  
  128  7:29  Hatchery  
  128  7:30  Zergling x8  
  128  7:35  Overlord  
  132  7:39  Hydralisk x4  
  140  7:44  Zergling x12  
  140  7:48  Muscular Augments  
  146  7:51  Zergling x2  
  146  7:52  Zergling x12  
  146  7:56  Zergling x12  
  159  8:05  Hive  
  159  8:09  Lurker Den  
  159  8:12  Hatchery  
  157  8:27  Overlord, Zergling x2, Hydralisk x4  
  157  8:28  Zergling x26  
  179  8:40  Hydralisk x2  
  183  8:41  Zergling x8  
  183  8:44  Overlord  
  187  9:01  Zergling x16  
  195  9:02  Overlord  
  195  9:07  Evolution Chamber  
  195  9:08  Baneling x3  
  195  9:09  Baneling x6  
  194  9:25  Seismic Spines, Adrenal Glands  
  194  9:28  Overseer  
  194  9:34  Zerg Missile Weapons Level 1  
  194  9:38  Hydralisk x2  
  194  9:39  Zergling x2  
  199  9:47  Spire  
  198  10:03  Overseer  
  198  10:04  Pneumatized Carapace  
  198  10:14  Zergling x4  
  197  10:22  Adaptive Talons  
Tags
 
Add a new tag
Caveats
  • Supply blocks, unpowered buildings, or Contaminate may cause inaccurate times.
  • Supply counts are checked every 10 seconds.